 Dungeon Crawl Stone Soup version 0.24-a0-235-g3f03afc (webtiles) character file.

Game seed: 10383704686772415595

164 xeno23 the Sneak (level 5, 0/36 HPs)
             Began as an Octopode Assassin on Apr 8, 2019.
             Shot with a stone by a goblin (2 damage)
             ... led by Robin
             ... on level 3 of the Dungeon.
             The game lasted 00:04:04 (1602 turns).

xeno23 the Sneak (Octopode Assassin)                Turns: 1602, Time: 00:04:04

Health: 0/36       AC:  1    Str: 11    XL:     5   Next: 45%
Magic:  5/5        EV: 13    Int: 13    God:
Gold:   101        SH:  0    Dex: 14    Spells: 4/4 levels left

rFire    . . .     SeeInvis +   a - +0 short sword (elec)
rCold    . . .     Gourm    .   (no shield)
rNeg     . . .     Faith    .   (helmet restricted)
rPois    .         Spirit   .   (no amulet)
rElec    .         Reflect  .   u - ring of see invisible
rCorr    .         Harm     .   (no ring)
MR       .....                  (no ring)
Stlth    ++++......             (no ring)
HPRegen  0.12/turn              (no ring)
MPRegen  0.09/turn              (no ring)
                                (no ring)
                                (no ring)

@: no status effects
A: almost no armour, stealthy swim, amphibious, 8 rings, constrict 8, camouflage
1, gelatinous body 1
a: no special abilities


You were on level 3 of the Dungeon.
You were not hungry.

You visited 1 branch of the dungeon, and saw 3 of its levels.

You collected 101 gold pieces.

Inventory:

Hand Weapons
 a - a +0 short sword of electrocution (weapon)
 b - a +0 blowgun
Missiles
 c - 20 poisoned needles
 d - 2 curare-tipped needles
Jewellery
 u - a ring of see invisible (left tentacle)
Wands
 n - a wand of clouds (6)
Scrolls
 h - 3 scrolls of remove curse {unknown}
 j - 2 scrolls of fog {unknown}
 k - a scroll of amnesia {unknown}
 o - a scroll of immolation {unknown}
 p - 2 scrolls of magic mapping {unknown}
 q - 2 scrolls of identify {unknown}
 r - 3 scrolls of teleportation {unknown}
 t - 2 scrolls of enchant armour {unknown}
 v - 2 scrolls of fear {unknown}
Potions
 e - a potion of resistance {unknown}
 g - a potion of agility {unknown}
 i - 2 potions of curing {unknown}
 m - a potion of mutation {unknown}
 s - a potion of flight {unknown}
Comestibles
 f - 7 rations
 l - 2 chunks of flesh


   Skills:
 + Level 3.2 Fighting
 * Level 4.1 Short Blades
 - Level 2.0 Throwing
 - Level 1.0 Dodging
 + Level 6.4 Stealth


You had 4 spell levels left.
You didn't know any spells.
Your spell library was empty.

Dungeon Overview and Level Annotations

Branches:
Dungeon (3/15)

Altars:


Innate Abilities, Weirdness & Mutations

You cannot wear most types of armour.
You are very stealthy in the water. (Stealth+)
You are amphibious.
You can wear up to eight rings at the same time.
You can use your tentacles to constrict eight enemies at once.
Your skin changes colour to match your surroundings (Stealth+).
Your rubbery body absorbs attacks. (AC +1, EV +1)


Message History

You barely miss the hobgoblin. You grab the hobgoblin.
You squeeze the hobgoblin.
The hobgoblin is severely wounded.
You constrict the hobgoblin.
The goblin unwields a +0 hunting sling.
The goblin wields a +0 club.
The goblin hits you with a +0 club!
* * * LOW HITPOINT WARNING * * *
The hobgoblin hits you with a +0 club.
* * * LOW HITPOINT WARNING * * *
You take 13 damage.
You release your grip on the hobgoblin.
You see here a stone.
The goblin no longer looks unusually strong.
The goblin unwields a +0 club.
The goblin wields a +0 hunting sling.
The goblin shoots a stone.
The stone hits you.
* * * LOW HITPOINT WARNING * * *
You see here a stone.
You take 5 damage.
The hobgoblin no longer looks unusually strong.
The goblin shoots a stone.
The stone hits you.
You die...

#≈≈≈....)....####
#≈≈..........# #.
#≈≈..#####...#
#.###≈≈..#...#####
#..#≈≈≈.)'...'..#
#.#≈≈≈..#...#..#
#.≈≈#########).#
..#
#.≈≈#..........#
..#
#[..'...@......#
..#
#...'.....gg...#
g.#
#...'.....)....#
..#
##≈≈#.......gg.#
..#
#≈≈#########..##''#
##≈≈≈..#...#..()..#
#≈≈≈()'...'.)....#
##≈≈..#...#......#
#################


You could see 2 hobgoblins and 2 goblins.

Vanquished Creatures
  Terence (D:2)
  Robin (D:3)
  5 adders
  An ooze (D:2)
  3 worms (D:2)
  2 leopard geckos (D:1)
  4 giant cockroaches
  13 hobgoblins
  3 jackals (D:3)
  A quokka (D:2)
  A ball python (D:1)
  6 bats
  A frilled lizard (D:2)
  15 goblins
  4 kobolds
  6 rats
67 creatures vanquished.

Notes
Turn   | Place    | Note
-------+----------+-------------------------------------------
     0 | D:1      | xeno23 the Octopode Assassin began the quest for the Orb.
     0 | D:1      | Reached XP level 1. HP: 14/14 MP: 1/1
    80 | D:1      | Reached XP level 2. HP: 13/19 MP: 2/2
   714 | D:2      | Reached XP level 3. HP: 25/25 MP: 3/3
   830 | D:2      | Reached XP level 4. HP: 22/30 MP: 4/4
   832 | D:2      | Reached skill level 6 in Stealth
   962 | D:2      | Noticed Terence
   965 | D:2      | Killed Terence
  1101 | D:2      | Reached XP level 5. HP: 33/36 MP: 5/5
  1581 | D:3      | Noticed Robin
  1588 | D:3      | Killed Robin
  1602 | D:3      | Shot with a stone by a goblin

Levels and vault maps discovered:
D:1:      sevenhm_arrival_forest_fort_small_4, layout_basic
D:2:      layout_basic, kennysheep_potato, uniq_terence
D:3:      kennysheep_goblin_castle, layout_basic, first_ration,
          kennysheep_generic_room_7, uniq_natasha

Skill      XL: |  1  2  3  4  5 |
---------------+----------------+-----
Short Blades   | 3 4 |  4.1
Stealth        | 6 |  6.4
Fighting       | 3 |  3.2
Throwing       | |  2.0
Dodging        | |  1.0

Action                   |  1- 3 |  4- 6 || total
-------------------------+-------+-------++-------
Melee: Dagger            |    30 |       ||    30
       Constrict         |    12 |    14 ||    26
       Short sword       |    27 |    62 ||    89
       Tentacles         |     2 |    12 ||    14
 Stab: Sleeping          |     8 |    10 ||    18
       Distracted        |       |     1 ||     1
  Eat: Chunk             |       |     2 ||     2
Armor: Skin              |     2 |     1 ||     3
Dodge: Dodged            |    37 |    26 ||    63

Table legend:
 A = Non-vault XP
 B = Vault XP
 C = Vault XP percentage of total XP
 D = Non-vault monster count
 E = Vault monster count
 F = Vault count percentage of total count
                 A         B        C        D         E       F
            +---------+---------+-------+---------+---------+-------
      Total |     141 |      94 |  40.0 |      49 |      18 |  26.9
            +---------+---------+-------+---------+---------+-------
        D:1 |      32 |       0 |   0.0 |      19 |       0 |   0.0
        D:2 |     101 |      38 |  27.3 |      26 |       2 |   7.1
        D:3 |       8 |      56 |  87.5 |       4 |      16 |  80.0
            +---------+---------+-------+---------+---------+-------
